 Dungeon Crawl Stone Soup version 0.28-a0-268-g3f656e82c2 (webtiles) character file.

Game seed: 8537992219834700184

2067 rogsnak the Thaumaturge (level 9, -4/56 HPs)
             Began as a Djinni Fire Elementalist on Aug 28, 2021.
             Was an Initiate of Makhleb.
             Slain by a gargoyle (25 damage)
             ... on level 7 of the Dungeon.
             The game lasted 00:10:14 (6831 turns).

rogsnak the Thaumaturge (Djinni Fire Elementalist)  Turns: 6831, Time: 00:10:15

Health: -4/56      AC:  7    Str:  7    XL:     9   Next: 50%
Gold:   415        EV: 14    Int: 21    God:    Makhleb [......] SH:  0 Dex: 19

rFire   + + .      SeeInvis .   j - +1 long sword (holy)
rCold   x . .      Faith    .   (no shield)
rNeg    + . .      Spirit   .   z - +2 robe {rN+}
rPois   ∞          Reflect  .   B - +1 helmet
rElec   .          Harm     .   p - +0 cloak
rCorr   .          Rampage  .   (no gloves)
Will    +....                   (boots unavailable)
Stlth   ++........              (no amulet)
HPRegen 0.18/turn               g - ring of willpower
MPRegen 0.00/turn               i - +6 ring of dexterity

@: flying
A: sickness immunity, fire resistance 2, cold vulnerability 1, float, innate
caster, hp casting, extra vitality 1
a: Renounce Religion


You were on level 7 of the Dungeon.
You worshipped Makhleb.
Makhleb was noncommittal.
You visited 2 branches of the dungeon, and saw 8 of its levels.

You collected 415 gold pieces.

Inventory:

Hand Weapons
 j - a +1 long sword of holy wrath (weapon)
 y - a +2 whip of freezing
 C - a +1 falchion of flaming
Missiles
 r - a throwing net
 A - 38 poisoned darts
Armour
 a - a +0 robe
 o - a +0 helmet
 p - a +0 cloak (worn)
 z - a +2 robe of positive energy (worn)
 B - a +1 helmet (worn)
 D - a +2 chain mail of fire resistance
Magical Staves
 k - a staff of death
Jewellery
 g - a ring of willpower (left hand)
 i - a +6 ring of dexterity (right hand)
 u - a ring of positive energy
 v - a ring of willpower
Wands
 x - a wand of flame (45)
Scrolls
 b - a scroll of amnesia {unknown}
 d - a scroll of holy word {unknown}
 h - 2 scrolls of teleportation {unknown}
 l - a scroll of immolation {unknown}
 n - 5 scrolls of identify {unknown}
 q - a scroll of silence {unknown}
 t - a scroll of blinking {unknown}
 w - a scroll of torment {unknown}
Potions
 c - a potion of attraction {unknown}
 e - 6 potions of curing {unknown}
 f - 5 potions of mutation {unknown}
 m - 2 potions of lignification {unknown}
 s - a potion of degeneration {unknown}


   Skills:
 + Level 0.5 Fighting
 + Level 4.1 Dodging
 - Level 1.6 Stealth
 + Level 9.1 Spellcasting


You couldn't memorise any spells.
You knew the following spells:

 Your Spells              Type           Power      Damage    Failure   Level
a - Foxfire               Conj/Fire      100%       2x1d9     1%          1
b - Conjure Flame         Conj/Fire      48%        6-21      1%          3
c - Inner Flame           Hex/Fire       48%        N/A       1%          3
d - Sticky Flame          Conj/Fire      48%        2d7       1%          4
e - Fireball              Conj/Fire      24%        3d11      4%          5
f - Pain                  Necr           100%       1d9       1%          1
g - Static Discharge      Conj/Air       48%        N/A       1%          2
h - Gell's Gravitas       Tloc           24%        N/A       1%          3
i - Hailstorm             Conj/Ice       48%        3d11      1%          4
Your spell library was empty.

Dungeon Overview and Level Annotations

Branches:
Dungeon (7/15)             Temple (1/1) D:6

Altars:
Cheibriados
Dithmenos
Elyvilon
Fedhas
Gozag
Hepliaklqana
Kikubaaqudgha
Makhleb
Nemelex Xobeh
Okawaru
Ru
Sif Muna
Trog
Xom
Yredelemnul
Zin

Shops:
D:1 !   D:4 !


Innate Abilities, Weirdness & Mutations

You are immune to sickness and miasma.
You are immune to poison.
Your flesh is very heat resistant. (rF++)
You are vulnerable to cold. (rC-)
You float through the air rather than walking.
You learn spells naturally, not from books.
Your magical power is your life essence.
You have superior vitality. (+4 HP)


Message History

Confirm with . or Enter, or press ? or * to list all spells.
You conjure some foxfire!
The foxfire hits the gargoyle but does no damage. x2
The gargoyle hurls a stone arrow at you.
The stone arrow misses you.
Unknown command.
Casting: Foxfire (safe; 1% risk of failure)
Confirm with . or Enter, or press ? or * to list all spells.
You can't see any susceptible monsters within range! (Use Z to cast anyway.) Unknown command.
Casting: Foxfire (safe; 1% risk of failure)
Confirm with . or Enter, or press ? or * to list all spells.
You conjure some foxfire!
The foxfire hits the gargoyle.
The gargoyle is lightly damaged.
The foxfire hits the gargoyle.
The gargoyle is lightly damaged.
The foxfire hits the gargoyle but does no damage.
The gargoyle is lightly damaged.
Casting: Foxfire (safe; 1% risk of failure)
Confirm with . or Enter, or press ? or * to list all spells.
Aiming: Sticky Flame (dangerous; 1% risk of failure)
Press: ? - help, Shift-Dir - straight line, f - gargoyle
Aim: a gargoyle, wielding a +4 quarterstaff (thin mist, lightly damaged, ally target, 100% to hit)
The sticky flame hits the gargoyle but does no damage.
The gargoyle is lightly damaged.
The gargoyle is covered in liquid flames!
The gargoyle burns!
The foxfire hits the gargoyle.
The gargoyle is moderately damaged.
You hit the gargoyle but do no damage.
The gargoyle is moderately damaged.
The gargoyle burns! x2
The gargoyle hits you with a +4 quarterstaff!!
Unknown command.
You hit the gargoyle but do no damage.
The gargoyle is severely damaged.
The gargoyle burns!
The gargoyle hurls a stone arrow at you.
The stone arrow misses you.
The gargoyle hits you with a +4 quarterstaff!!
You die...

#.§§§§§§#.#.#.#
...#§§§§§#.#.#.#...
##§§§##.........
#§§§#.##.#.#..#
#§§§#.##.#.# .#
#§§§#.##.#.##.#
#§§§#.........####
#§§§#.............
#@9§#####....#####
#..§§§§§§§..####.#####
#._§§§#§§.8.#.........
#...........#.......<.
#####...#####.##..###. #.#
#...#.###.##..#
######'###._.#.........#
#........#.[.#.###.##.####.
#........#####.....).......


You could see a gargoyle (burning).

Vanquished Creatures
  Pikel (D:4)
  2 water moccasins (D:6)
  An orc warrior (D:6)
  A sky beast (D:6)
  A black bear (D:5)
  An ice beast (D:5)
  A necrophage (D:6)
  An ogre (D:7)
  A phantom (D:5)
  A lemure (D:4)
  A kobold brigand (D:6)
  A wyvern skeleton (D:6)
  A bullfrog zombie (D:5)
  A hound (D:7)
  3 orc priests
  3 centaur skeletons
  A gnoll shaman (D:4)
  3 iguanas
  2 orc wizards
  A killer bee zombie (D:6)
  A howler monkey zombie (D:6)
  5 gnolls (D:5)
  8 adders
  An adder skeleton (D:5)
  2 worms
  3 dart slugs
  15 orcs
  6 ball pythons
  5 endoplasms
  A giant cockroach (D:1)
  6 goblins
  11 hobgoblins
  9 jackals
  6 quokkas
  6 bats
  5 frilled lizards
  9 kobolds
  10 rats
137 creatures vanquished.

Vanquished Creatures (collateral kills)
  4 foxfires (D:3)
4 creatures vanquished.

Vanquished Creatures (others)
  553 foxfires
  A withered plant (D:3)
554 creatures vanquished.

Grand Total: 695 creatures vanquished

Notes
Turn   | Place    | Note
-------+----------+-------------------------------------------
     0 | D:1      | rogsnak the Djinni Fire Elementalist began the quest for
                  | the Orb.
     0 | D:1      | Reached XP level 1. HP: 15/15 MP: 0/0
    35 | D:1      | Reached XP level 2. HP: 5/21 MP: 0/0
   524 | D:1      | Reached skill level 3 in Spellcasting
   607 | D:1      | Found Ysideliv's Distillery.
   640 | D:1      | Reached XP level 3. HP: 24/25 MP: 0/0
   640 | D:1      | Learned a level 1 spell: Pain
  1709 | D:2      | Reached XP level 4. HP: 29/31 MP: 0/0
  2395 | D:3      | Found a basalt altar of Yredelemnul.
  2493 | D:3      | Found a faded altar of an unknown god.
  2570 | D:3      | Reached skill level 4 in Spellcasting
  2570 | D:3      | Reached XP level 5. HP: 33/35 MP: 0/0
  2570 | D:3      | Learned a level 2 spell: Static Discharge
  2736 | D:3      | Found a shadowy altar of Dithmenos.
  3652 | D:4      | Reached XP level 6. HP: 37/40 MP: 0/0
  3831 | D:4      | Found a snail-covered altar of Cheibriados.
  4065 | D:4      | Found Uwkae's Distillery.
  4104 | D:5      | Entered Level 5 of the Dungeon
  4116 | D:4      | Reached skill level 5 in Spellcasting
  4342 | D:5      | Reached XP level 7. HP: 19/45 MP: 0/0
  4342 | D:5      | Learned a level 3 spell: Gell's Gravitas
  4584 | D:5      | Reached skill level 6 in Spellcasting
  4925 | D:5      | Found a sacrificial altar of Ru.
  5105 | D:5      | Noticed Pikel
  5127 | D:4      | Killed Pikel
  5128 | D:4      | Reached skill level 7 in Spellcasting
  5128 | D:4      | Reached XP level 8. HP: 13/50 MP: 0/0
  5703 | D:6      | Reached skill level 8 in Spellcasting
  5703 | D:6      | Reached XP level 9. HP: 47/55 MP: 0/0
  5703 | D:6      | Learned a level 4 spell: Hailstorm
  6135 | D:6      | Found a staircase to the Ecumenical Temple.
  6147 | Temple   | Entered the Ecumenical Temple
  6201 | Temple   | Became a worshipper of Makhleb the Destroyer
  6227 | D:6      | Reached skill level 9 in Spellcasting
  6701 | D:6      | Found a blossoming altar of Fedhas.
  6823 | D:7      | Noticed a gargoyle
  6824 | D:7      | Found a faded altar of an unknown god.
  6825 | D:7      | Found a hazy altar of Hepliaklqana.
  6831 | D:7      | Slain by a gargoyle

Illustrated notes

Levels and vault maps discovered:
D:1:      evilmike_arrival_crescent, layout_rooms, serial_shops, shop,
          corexii_hall_statues_deadend
D:2:      layout_rooms
D:3:      minmay_angry_zag, layout_basic, nicolae_dithmenos_shadow_blocks,
          yredelemnul_altar_generic, chequers_ecumenical_altar_simple
D:4:      layout_rooms, mainiacjoe_overflow_tiny_flanked, serial_shops,
          nicolae_shop_statue_plus
D:5:      layout_cave_pools, mainiacjoe_overflow_alcove_2, uniq_pikel
D:6:      layout_basic, general_overflow_altar, lemuel_doored_altar,
          temple_fountains
D:7:      layout_basic, beargit_hepliaklqana_dungeon_heroes,
          mainiacjoe_overflow_paths, nicolae_vehumet_radiance,
          grunt_qazlal_sundering, nicolae_ossuary_entry_monument,
          kennysheep_minor_cross, serial_bayou_pond_b
Temple:   jpeg_temple_clearing

Skill      XL: |  1  2  3  4  5  6  7  8  9 |
---------------+----------------------------+-----
Spellcasting   | 3 4 5 7 8 9 |  9.1
Dodging        | 3 4 |  4.1
Fighting       | |  0.5
Stealth        | |  1.6

Action                   |  1- 3 |  4- 6 |  7- 9 || total
-------------------------+-------+-------+-------++-------
Melee: Unarmed           |     4 |       |       ||     4
       Long sword        |       |     4 |    10 ||    14
 Cast: Foxfire           |    73 |   138 |   116 ||   327
       Sticky Flame      |       |     1 |    11 ||    12
       Static Discharge  |       |       |     1 ||     1
       Fireball          |       |       |     1 ||     1
       Hailstorm         |       |       |     1 ||     1
Armor: Robe              |     1 |     5 |    11 ||    17
Dodge: Dodged            |     3 |    17 |    25 ||    45

Table legend: (Time is in decaauts)
 A = Elapsed time spent in this place.
 B = Non-inter-level travel time spent in this place.
 C = Inter-level travel time spent in this place.
 D = Time resting spent in this place.
 E = Time spent auto-exploring this place.
 F = Levels seen in this place.
 G = Mean time per level.
                   A        B        C        D        E       F      G
               +--------+--------+--------+--------+--------+-----+--------+
         Total |   6836 |   6732 |    104 |    741 |   4970 |   8 |  854.5 |
       Dungeon |   6763 |   6659 |    104 |    741 |   4970 |   7 |  966.1 |
        Temple |     72 |     72 |      0 |      0 |      0 |   1 |   72.0 |
               +--------+--------+--------+--------+--------+-----+--------+

Top non-repeatable levels by time:
     D:1: 1452 daAuts
     D:3: 1164 daAuts
     D:4: 1107 daAuts
     D:6: 1096 daAuts
     D:2: 941 daAuts
     D:5: 919 daAuts
     D:7: 82 daAuts
  Temple: 72 daAuts
